 Dungeon Crawl Stone Soup version 0.16.1-51-g6203257 (webtiles) character file.

63 uhvn the Vexing (level 4, -2/22 HPs)
             Began as a Vine Stalker Arcane Marksman on July 9, 2015.
             Killed by nerve-wracking pain
             ... invoked by Grinder
              (8 damage)
             ... while paralysed by Grinder
             ... on level 3 of the Dungeon.
             The game lasted 00:07:28 (1990 turns).

uhvn the Vexing (Vine Stalker Arcane Marksman)      Turns: 1990, Time: 00:07:29

Health: -2/22      AC:  3    Str: 14    XL:     4   Next: 9%
Magic:  0/7        EV:  2    Int: 13    God:
Gold:   152        SH:  0    Dex: 14    Spells: 1 memorised, 5 levels left

rFire  . . .     SeeInvis .     (no weapon)
rCold  . . .     Clarity  .     a - +0 robe
rNeg   . . .     SustAb   .     (no shield)
rPois  .         Gourm    .     (no helmet)
rElec  .         Spirit   +     m - +0 cloak
rCorr  .         Warding  .     (no gloves)
rMut   .         Stasis   .     (no boots)
MR     .....                    (no amulet)
Stlth  +.........               (no ring)
                                (no ring)

@: paralysed, not resistant to hostile enchantments, very unstealthy
A: fangs 2, regeneration 1, magic shield, antimagic bite, no device heal 3, rot
immunity
a: no special abilities


You were on level 3 of the Dungeon.
You were near starving.

You visited 1 branch of the dungeon, and saw 3 of its levels.

You collected 152 gold pieces.

Inventory:

Missiles
 c - a throwing net
 h - 3 javelins (quivered)
Armour
 a - a +0 robe (worn)
 m - a +0 cloak (worn)
Jewellery
 o - a +2 ring of strength {unknown}
Scrolls
 b - 3 scrolls of identify {unknown}
 e - 2 scrolls of enchant weapon {unknown}
 l - a scroll of blinking {unknown}
 n - a scroll of random uselessness {unknown}
Potions
 g - 2 potions of curing {unknown}
 i - 2 potions of mutation {unknown}
 k - 2 potions of invisibility {unknown}
Books
 d - a book of Debilitation

   Spells                             Type                      Level
   a - Corona                         Hexes                        1
   b - Slow                           Hexes                        2
   c - Inner Flame                    Hexes/Fire                   3
   d - Enslavement                    Hexes                        4
   e - Cause Fear                     Hexes                        4
   f - Leda's Liquefaction            Hexes/Earth                  4
Comestibles
 f - 5 bread rations
 j - a slice of pizza


   Skills:
 + Level 1.1 Fighting
 * Level 2.8 Throwing
 + Level 2.0 Dodging
 * Level 1.8 Spellcasting
 + Level 3.4 Hexes


You had 5 spell levels left.
You knew the following spells:

 Your Spells              Type           Power        Failure   Level  Hunger
a - Corona                Hex            ##.....      10%         1    ##.....


Dungeon Overview and Level Annotations

Branches:
Dungeon (3/15)

Altars:

Annotations:
D:3 Grinder


Innate Abilities, Weirdness & Mutations

You have extremely sharp teeth.
Your natural rate of healing is unusually fast.
When hurt, damage is shared between your health and your magic reserves.
Your bite disrupts and absorbs the magic of your enemies.
Potions and wands cannot restore your health.
You are immune to rotting.


Message History

You hit Grinder but do no damage. You bite Grinder.
Grinder's magic leaks into the air.
You drain his magic.
You feel invigorated.
Grinder is lightly wounded.
Grinder falters for a moment.
Grinder falters for a moment.
Grinder falters for a moment.
Grinder falters for a moment.
You see here a javelin.
h - a javelin You see here 2 javelins.
h - 3 javelins (gained 2) Grinder says, "Tell me all your secrets, or I'll kill you."
Grinder gestures at you.
You suddenly lose the ability to move!
Grinder gestures at you. Pain shoots through your body!
* * * LOW HITPOINT WARNING * * *
Grinder gestures at you. Pain shoots through your body!
You die...

###
#..
#.#
#.#
#@#
#.#
#5#
#.#
#.#
#.#
#.#
#.#
#.#


You could see Grinder.

Vanquished Creatures
  A gnoll (D:1)
  4 giant geckos
  An ooze (D:2)
  A giant cockroach (D:2)
  6 goblins
  5 hobgoblins
  4 jackals (D:1)
  6 kobolds
  A quokka (D:2)
  A ball python (D:1)
  5 bats
  3 giant newts
  8 rats
46 creatures vanquished.

Notes
Turn   | Place    | Note
--------------------------------------------------------------
     0 | D:1      | uhvn, the Vine Stalker Arcane Marksman, began the quest for the Orb.
     0 | D:1      | Reached XP level 1. HP: 9/9 MP: 2/2
    88 | D:1      | Reached skill level 1 in Fighting
   212 | D:1      | Reached XP level 2. HP: 12/14 MP: 4/4
   645 | D:1      | Reached XP level 3. HP: 11/18 MP: 0/5
  1385 | D:2      | Reached XP level 4. HP: 20/22 MP: 7/7
  1960 | D:3      | Noticed Grinder
  1987 | D:3      | Paralysed by Grinder for 7 turns
  1990 | D:3      | Killed from afar by Grinder

Action                   |  1- 3 |  4- 6 || total
-------------------------+-------+-------++-------
Melee: Unarmed           |   101 |    22 ||   123
Throw: Javelin           |    56 |    13 ||    69
       Throwing net      |     9 |     4 ||    13
 Cast: Corona            |    11 |     1 ||    12
 Stab: Held in net/web   |     3 |       ||     3
  Eat: Chunk             |       |     2 ||     2
